BSA
BAFFIN ISLAND BEAVERS @ POCATELLO BOCCABELLAS
07/26/2024
 
TOP OF THE 1ST
Baffin Island Beavers batting - Pitching for Pocatello Boccabellas : RHP José Rojas
Pitching: RHP José Rojas
Batting: LHB Chris Bates 0-0: Called Strike
0-1: Fly out, F3 (Line Drive, 3)
Batting: LHB Jeff Cole 0-0: Called Strike
0-1: Ball
1-1: Foul Ball, location: 2F
1-2: Ground out U3 (Groundball, 3L)
Batting: SHB Alonso Ferreira 0-0: Ball
1-0: Swinging Strike
1-1: Ball
2-1: Ball
3-1: Swinging Strike
3-2: SINGLE (Groundball, 6MD)
Batting: LHB Jerry Bryan 0-0: Swinging Strike
Pickoff Throw to First - Out!
Top of the 1st over - 0 run(s), 1 hit(s), 0 error(s), 0 left on base; Baffin Island 0 - Pocatello 0
BOTTOM OF THE 1ST
Pocatello Boccabellas batting - Pitching for Baffin Island Beavers : LHP Jaime Guzmán
Pitching: LHP Jaime Guzmán
Batting: RHB José Delgado 0-0: Ground out 5-3 (Groundball, 5)
Batting: RHB Marlon Phipps 0-0: Swinging Strike
0-1: Foul Ball, location: 2F
0-2: Ball
1-2: Ball
2-2: Foul Ball, location: 2F
2-2: Strikes out swinging
Batting: RHB Francisco Sandoval 0-0: Ball
1-0: Called Strike
1-1: Swinging Strike
1-2: Ball
2-2: Strikes out swinging
Bottom of the 1st over - 0 run(s), 0 hit(s), 0 error(s), 0 left on base; Baffin Island 0 - Pocatello 0
TOP OF THE 2ND
Baffin Island Beavers batting - Pitching for Pocatello Boccabellas : RHP José Rojas
Batting: LHB Jerry Bryan 0-0: Foul Ball, location: 2F
0-1: Swinging Strike
0-2: Ball
1-2: Ball
2-2: Strikes out swinging
Batting: RHB Tony Morton 0-0: Foul Ball, location: 2F
0-1: Called Strike
0-2: Strikes out swinging
Batting: LHB Keng-chi Lao 0-0: Ball
1-0: Called Strike
1-1: Swinging Strike
1-2: Foul Ball, location: 2F
1-2: Strikes out swinging
Top of the 2nd over - 0 run(s), 0 hit(s), 0 error(s), 0 left on base; Baffin Island 0 - Pocatello 0
BOTTOM OF THE 2ND
Pocatello Boccabellas batting - Pitching for Baffin Island Beavers : LHP Jaime Guzmán
Batting: RHB Sugita Ito 0-0: Called Strike
0-1: Ball
1-1: Ball
2-1: Ball
3-1: Ground out 4-3 (Groundball, 34)
Batting: LHB Norberto Muñóz 0-0: Called Strike
0-1: Swinging Strike
0-2: Strikes out looking
Batting: RHB Keith Kirkpatrick 0-0: Ball
1-0: Called Strike
1-1: Fly out, F6 (Popup, 8LS)
Bottom of the 2nd over - 0 run(s), 0 hit(s), 0 error(s), 0 left on base; Baffin Island 0 - Pocatello 0
TOP OF THE 3RD
Baffin Island Beavers batting - Pitching for Pocatello Boccabellas : RHP José Rojas
Batting: RHB José García 0-0: Called Strike
0-1: Ball
1-1: Ball
2-1: Fly out, F8 (Line Drive, 8RM)
Batting: RHB Bryan Sandstrom 0-0: Called Strike
0-1: Foul Ball, location: 2F
0-2: Ball
1-2: Ball
2-2: Foul Ball, location: 2F
2-2: Strikes out swinging
Batting: RHB Mario López 0-0: Called Strike
0-1: Ground out 5-3 (Groundball, 5S)
Top of the 3rd over - 0 run(s), 0 hit(s), 0 error(s), 0 left on base; Baffin Island 0 - Pocatello 0
BOTTOM OF THE 3RD
Pocatello Boccabellas batting - Pitching for Baffin Island Beavers : LHP Jaime Guzmán
Batting: LHB Juan Cortés 0-0: Called Strike
0-1: Ball
1-1: Fly out, F8 (Popup, 8LS)
Batting: RHB Pete Harvey 0-0: Fly out, F9 (Flyball, 89S)
Batting: RHB Teddy Bates 0-0: Called Strike
0-1: Ball
1-1: Foul Ball, location: 2F
1-2: Ball
2-2: Strikes out looking
Bottom of the 3rd over - 0 run(s), 0 hit(s), 0 error(s), 0 left on base; Baffin Island 0 - Pocatello 0
TOP OF THE 4TH
Baffin Island Beavers batting - Pitching for Pocatello Boccabellas : RHP José Rojas
Batting: LHB Chris Bates 0-0: Foul Ball, location: 2F
0-1: Ball
1-1: Called Strike
1-2: Ground out 4-3 (Groundball, 4)
Batting: LHB Jeff Cole 0-0: Called Strike
0-1: Ball
1-1: Called Strike
1-2: Ball
2-2: Foul Ball, location: 2F
2-2: Ball
3-2: Foul Ball, location: 2F
3-2: DOUBLE (Flyball, 8RS)
Batting: SHB Alonso Ferreira 0-0: Foul Ball, location: 2F
0-1: Foul Ball, location: 2F
0-2: SINGLE (Flyball, 89S) - OUT at second base trying to stretch hit.
Jeff Cole scores
Batting: LHB Jerry Bryan 0-0: Called Strike
0-1: Ground out 4-3 (Groundball, 4M)
Top of the 4th over - 1 run(s), 2 hit(s), 0 error(s), 0 left on base; Baffin Island 1 - Pocatello 0
BOTTOM OF THE 4TH
Pocatello Boccabellas batting - Pitching for Baffin Island Beavers : LHP Jaime Guzmán
Batting: RHB José Delgado 0-0: Fly out, F3 (Popup, 3F)
Batting: RHB Marlon Phipps 0-0: Called Strike
0-1: SINGLE (Groundball, 4MD)
Batting: RHB Francisco Sandoval 0-0: Ball
1-0: Ball
2-0: Ball
3-0: Called Strike
3-1: Foul Ball, location: 2F
3-2: Grounds into double play, 6-4-3 (Groundball, 6)
Bottom of the 4th over - 0 run(s), 1 hit(s), 0 error(s), 0 left on base; Baffin Island 1 - Pocatello 0
TOP OF THE 5TH
Baffin Island Beavers batting - Pitching for Pocatello Boccabellas : RHP José Rojas
Batting: RHB Tony Morton 0-0: Ball
1-0: Fly out, F8 (Flyball, 8RD)
Batting: LHB Keng-chi Lao 0-0: Foul Ball, location: 2F
0-1: Ball
1-1: Ball
2-1: Foul Ball, location: 2F
2-2: Strikes out looking
Batting: RHB José García 0-0: Called Strike
0-1: Swinging Strike
0-2: Foul Ball, location: 2F
0-2: Ground out 5-3 (Groundball, 5)
Top of the 5th over - 0 run(s), 0 hit(s), 0 error(s), 0 left on base; Baffin Island 1 - Pocatello 0
BOTTOM OF THE 5TH
Pocatello Boccabellas batting - Pitching for Baffin Island Beavers : LHP Jaime Guzmán
Batting: RHB Sugita Ito 0-0: Fly out, F8 (Flyball, 78XD)
Batting: LHB Norberto Muñóz 0-0: Called Strike
0-1: Foul Ball, location: 2F
0-2: Ball
1-2: Foul Ball, location: 2F
1-2: Strikes out looking
Batting: RHB Keith Kirkpatrick 0-0: Foul Ball, location: 2F
0-1: Called Strike
0-2: SINGLE (Line Drive, 89M)
Batting: LHB Juan Cortés 0-0: Called Strike
0-1: Ball
1-1: Called Strike
1-2: Strikes out swinging
Bottom of the 5th over - 0 run(s), 1 hit(s), 0 error(s), 1 left on base; Baffin Island 1 - Pocatello 0
TOP OF THE 6TH
Baffin Island Beavers batting - Pitching for Pocatello Boccabellas : RHP José Rojas
Batting: RHB Bryan Sandstrom 0-0: Ball
1-0: Foul Ball, location: 2F
1-1: Swinging Strike
1-2: Ball
2-2: Foul Ball, location: 2F
2-2: DOUBLE (Flyball, 78XD)
Batting: RHB Mario López 0-0: Foul Ball, location: 2F
0-1: Ball
1-1: Ball
2-1: Called Strike
2-2: Ball
3-2: Base on Balls
Batting: LHB Chris Bates 0-0: Ball
1-0: Foul Ball, location: 2F
1-1: Ball
2-1: Foul Ball, location: 2F
2-2: Ball
3-2: Fly out, F6 (Popup, 6D)
Batting: LHB Jeff Cole 0-0: Ball
1-0: Swinging Strike
1-1: Ball
2-1: Foul Ball, location: 2F
2-2: Ball
3-2: Base on Balls
Bryan Sandstrom to third
Mario López to second
Batting: SHB Alonso Ferreira 0-0: Foul Ball, location: 2F
0-1: SINGLE (Groundball, 34D) (infield hit)
Bryan Sandstrom scores
Mario López to third
Jeff Cole to second
Batting: LHB Jerry Bryan 0-0: Ball
1-0: Ball
2-0: Ball
3-0: Base on Balls
Mario López scores
Jeff Cole to third
Alonso Ferreira to second
Batting: RHB Tony Morton 0-0: Called Strike
0-1: Ball
1-1: Called Strike
1-2: Foul Ball, location: 2F
1-2: Ball
2-2: Ball
3-2: SINGLE (Groundball, 56D)
Jeff Cole scores
Alonso Ferreira to third
Jerry Bryan to second
Runner from 3rd tries for Home, SAFE, throw made home
Jerry Bryan to third
Tony Morton to second
Pitching: RHP Jaime Espinoza
Batting: LHB Keng-chi Lao 0-0: Called Strike
0-1: Ball
1-1: Ball
2-1: Called Strike
2-2: Foul Ball, location: 2F
2-2: Fly out, F7 (Flyball, 78M)
Runner from 3rd tags up, OUT at HOME
Top of the 6th over - 4 run(s), 3 hit(s), 0 error(s), 1 left on base; Baffin Island 5 - Pocatello 0
BOTTOM OF THE 6TH
Pocatello Boccabellas batting - Pitching for Baffin Island Beavers : LHP Jaime Guzmán
Batting: RHB Pete Harvey 0-0: Ball
1-0: Ball
2-0: Called Strike
2-1: Ball
3-1: Swinging Strike
3-2: Strikes out swinging
Batting: RHB Teddy Bates 0-0: Called Strike
0-1: Called Strike
0-2: Ball
1-2: Ball
2-2: Foul Ball, location: 2F
2-2: Ground out 6-3 (Groundball, 6)
Batting: RHB José Delgado 0-0: Ball
1-0: Ball
2-0: Ball
3-0: Called Strike
3-1: Called Strike
3-2: Foul Ball, location: 2F
3-2: SINGLE (Line Drive, 6D)
Batting: RHB Marlon Phipps 0-0: Ball
1-0: Foul Ball, location: 2F
1-1: Foul Ball, location: 2F
1-2: Ground out 5-3 (Groundball, 5S)
Bottom of the 6th over - 0 run(s), 1 hit(s), 0 error(s), 1 left on base; Baffin Island 5 - Pocatello 0
TOP OF THE 7TH
Baffin Island Beavers batting - Pitching for Pocatello Boccabellas : RHP Jaime Espinoza
Batting: RHB José García 0-0: Ball
1-0: Foul Ball, location: 2F
1-1: Ball
2-1: Ball
3-1: Foul Ball, location: 2F
3-2: Base on Balls
Batting: RHB Bryan Sandstrom 0-0: Ball
1-0: Ball
2-0: Ball
3-0: Base on Balls
José García to second
Batting: RHB Mario López 0-0: Ball
1-0: Sac Bunt - play at first, batter OUT! 2-4
José García to third
Bryan Sandstrom to second
Batting: LHB Chris Bates 0-0: SINGLE (Flyball, 7S)
José García scores
Bryan Sandstrom to third
Runner from 3rd tries for Home, SAFE, throw made home
Chris Bates to second
Batting: LHB Jeff Cole 0-0: Called Strike
0-1: Ball
1-1: Ball
2-1: Ball
3-1: Called Strike
3-2: SINGLE (Groundball, 4MD)
Chris Bates to third
Runner from 3rd tries for Home, SAFE, no throw or cutoff
Batting: SHB Alonso Ferreira 0-0: Called Strike
0-1: Ball
1-1: Swinging Strike
1-2: Grounds into double play, 4-6-3 (Groundball, 4)
Top of the 7th over - 3 run(s), 2 hit(s), 0 error(s), 0 left on base; Baffin Island 8 - Pocatello 0
BOTTOM OF THE 7TH
Pocatello Boccabellas batting - Pitching for Baffin Island Beavers : LHP Jaime Guzmán
Batting: RHB Francisco Sandoval 0-0: Ball
1-0: Foul Ball, location: 2F
1-1: Foul Ball, location: 2F
1-2: Strikes out looking
Batting: RHB Sugita Ito 0-0: Called Strike
0-1: Ball
1-1: Foul Ball, location: 2F
1-2: Ground out 6-3 (Groundball, 6)
Batting: LHB Norberto Muñóz 0-0: Called Strike
0-1: Called Strike
0-2: Ball
1-2: Foul Ball, location: 2F
1-2: Strikes out looking
Bottom of the 7th over - 0 run(s), 0 hit(s), 0 error(s), 0 left on base; Baffin Island 8 - Pocatello 0
TOP OF THE 8TH
Baffin Island Beavers batting - Pitching for Pocatello Boccabellas : RHP Jaime Espinoza
Batting: LHB Jerry Bryan 0-0: Ball
1-0: Called Strike
1-1: Fly out, F8 (Flyball, 8LD)
Pitching: RHP César Martínez
Batting: RHB Tony Morton 0-0: Ball
1-0: Reached on error, E5 (Groundball, 5)
Batting: LHB Keng-chi Lao 0-0: SINGLE (Line Drive, 7S)
Tony Morton to second
Batting: RHB José García 0-0: Ball
1-0: Foul Ball, location: 2F
1-1: Ball
2-1: Ball
3-1: Foul Ball, location: 2F
3-2: Foul Ball, location: 2F
3-2: DOUBLE (Line Drive, 8RM)
Tony Morton scores
Keng-chi Lao to third
Runner from 3rd tries for Home, SAFE, no throw or cutoff
Batting: RHB Bryan Sandstrom 0-0: Ground out 5-3 (Groundball, 5S)
José García to third
Batting: RHB Mario López 0-0: Ball
1-0: Ball
2-0: Ball
3-0: Called Strike
3-1: Foul Ball, location: 2F
3-2: Base on Balls
Batting: LHB Chris Bates 0-0: Called Strike
0-1: Ball
1-1: Foul Ball, location: 2F
1-2: Foul Ball, location: 2F
1-2: Ball
2-2: Ball
3-2: Foul Ball, location: 2F
3-2: Ground out 3-1 (Groundball, 34S)
Top of the 8th over - 2 run(s), 2 hit(s), 1 error(s), 2 left on base; Baffin Island 10 - Pocatello 0
BOTTOM OF THE 8TH
Pocatello Boccabellas batting - Pitching for Baffin Island Beavers : LHP Jaime Guzmán
Pitching: RHP Javier Rodríguez
Now at 1B: Naomichi Aoki
Pinch Hitting: RHB Pedro Guzmán 0-0: Ball
1-0: Ground out 1-3 (Groundball, 13)
Batting: LHB Juan Cortés 0-0: Ball
1-0: Ground out 4-3 (Groundball, 4)
Batting: RHB Pete Harvey 0-0: Called Strike
0-1: Ball
1-1: Called Strike
1-2: Ground out 1-3 (Groundball, 23)
Bottom of the 8th over - 0 run(s), 0 hit(s), 0 error(s), 0 left on base; Baffin Island 10 - Pocatello 0
TOP OF THE 9TH
Baffin Island Beavers batting - Pitching for Pocatello Boccabellas : RHP César Martínez
Pitching: RHP Adrián Martínez
Now in CF: David Monahan
Batting: LHB Jeff Cole 0-0: Fly out, F3 (Popup, 13)
Batting: SHB Alonso Ferreira 0-0: Called Strike
0-1: Ball
1-1: Swinging Strike
1-2: SINGLE (Line Drive, 9S)
Batting: RHB Naomichi Aoki 0-0: Grounds into double play, 5-4-3 (Groundball, 5)
Top of the 9th over - 0 run(s), 1 hit(s), 0 error(s), 0 left on base; Baffin Island 10 - Pocatello 0
BOTTOM OF THE 9TH
Pocatello Boccabellas batting - Pitching for Baffin Island Beavers : RHP Javier Rodríguez
Batting: RHB Teddy Bates 0-0: SINGLE (Line Drive, 8LS)
Batting: RHB José Delgado 0-0: Ball
1-0: Ball
2-0: Swinging Strike
2-1: Ball
3-1: Base on Balls
Teddy Bates to second
Pitching: RHP Bartolo García
Batting: RHB Marlon Phipps 0-0: Foul Ball, location: 2F
0-1: Swinging Strike
0-2: Ball
1-2: Ball
2-2: Strikes out swinging
Batting: RHB Francisco Sandoval 0-0: Ball
1-0: Fly out, F8 (Flyball, 8RM)
Batting: RHB Sugita Ito 0-0: Ball
1-0: Swinging Strike
1-1: Foul Ball, location: 2F
1-2: Ball
2-2: Ball
3-2: Strikes out looking
Bottom of the 9th over - 0 run(s), 1 hit(s), 0 error(s), 2 left on base; Baffin Island 10 - Pocatello 0
This league is powered by Out of the Park Baseball, the baseball management simulation game for PC, Mac and Linux
Saturday, April 9th, 2016 - OOTP Baseball 16.8 Build 38